 Dungeon Crawl Stone Soup version 0.17-a0-1923-gc35365e (webtiles) character file.

2361 graki42 the Covert (level 9, -6/93 HPs)
             Began as an Octopode Berserker on Sept 28, 2015.
             Was a Priest of Trog.
             Mangled by a hippogriff (7 damage)
             ... on level 6 of the Dungeon.
             The game lasted 00:18:08 (5505 turns).

graki42 the Covert (Octopode Berserker)             Turns: 5505, Time: 00:18:09

Health: -6/93      AC:  1    Str: 21    XL:     9   Next: 44%
Magic:  9/9        EV: 16    Int:  9    God:    Trog [***...]
Gold:   445        SH:  0    Dex: 15    Spells: 0 memorised, 8 levels left

rFire  + . .     SeeInvis .     d - +1 dagger (flame)
rCold  . . .     Clarity  .     (no shield)
rNeg   . . .     SustAt   .     (helmet restricted)
rPois  .         Gourm    .     (no amulet)
rElec  .         Spirit   .     p - ring of protection from fire
rCorr  .         Warding  .     (no ring)
rMut   .         Stasis   .     (no ring)
MR     ++...                    (no ring)
Stlth  ..........               (no ring)
                                (no ring)
                                (no ring)
                                (no ring)

@: berserking, regenerating, very quick, very resistant to hostile enchantments,
extremely unstealthy
A: almost no armour, amphibious, 8 rings, constrict 8, camouflage 1, gelatinous
body 1
a: Burn Spellbooks, Berserk, Trog's Hand, Renounce Religion


You were on level 6 of the Dungeon.
You worshipped Trog.
Trog was most pleased with you.
You were hungry.

You visited 1 branch of the dungeon, and saw 7 of its levels.

You collected 445 gold pieces.

Inventory:

Hand weapons
 d - a +1 dagger of flaming (weapon)
 m - a +1 antimagic long sword
Missiles
 a - 5 javelins of returning (quivered)
Jewellery
 p - a ring of protection from fire (left tentacle)
Magical devices
 g - a wand of invisibility (1)
Scrolls
 c - a scroll of noise
 f - a scroll of fear
 h - 4 scrolls of magic mapping
 k - 7 scrolls of remove curse
Potions
 e - a potion of might
 i - a potion of haste {unknown}
 j - 2 potions of curing
 q - a potion of mutation {unknown}
 r - 2 potions of brilliance {unknown}
Comestibles
 b - 4 bread rations
 l - 5 meat rations
 n - a fruit
 o - a slice of pizza
 s - 3 chunks of flesh


   Skills:
 + Level 5.8 Fighting
 + Level 5.8 Short Blades
 + Level 7.2 Dodging
 + Level 10.7 Stealth


You had 8 spell levels left.
You didn't know any spells.

Dungeon Overview and Level Annotations

Branches:
Dungeon (7/15)             Temple (0/1) D:6

Altars:
Dithmenos
Elyvilon
Makhleb
Nemelex Xobeh
Ru
Xom
The Shining One


Innate Abilities, Weirdness & Mutations

You cannot wear most types of armour.
You are amphibious.
You can wear up to eight rings at the same time.
You can use your tentacles to constrict eight enemies at once.
Your skin changes colour to match your surroundings (Stealth).
Your rubbery body absorbs attacks (AC +1).


Message History

The hippogriff misses you. The hippogriff claws you.
* * * LOW HITPOINT WARNING * * *
Use which ability?
A red film seems to cover your vision as you go berserk!
You feel yourself moving faster!
You feel mighty!
You are feeling hungry.
The hippogriff bites you!
* * * LOW HITPOINT WARNING * * *
The hippogriff closely misses you. The hippogriff barely misses you.
You closely miss the hippogriff.
The hippogriff is heavily wounded.
You hit the hippogriff. You burn the hippogriff. You squeeze the hippogriff!
The hippogriff is severely wounded.
You barely miss the hippogriff. You squeeze the hippogriff!
The hippogriff is almost dead.
The giant gecko hisses menacingly.
The hippogriff bites you!
* * * LOW HITPOINT WARNING * * *
The hippogriff pecks you!
You die...

##........# #...P# # #........#
#P..?#.S.....o # ##........#
#...P#...J.... # #..####'###
#P...#.5...... # ...# #..#
#...P#.l...... # ...# ##.##
#P...#........ #
...#####..###...P#(....... #
#...........#P...#J....... #
#...........#...@Hl....... #
#...........#####################
............# #.................
............# #.#######.........
............## #.# #.........
.............# #.# #.........
.....#######.###.##### #.........
.....## #..##.....###.........
......# ##.#.......###########


You could see a hippogriff, a jelly and a giant gecko.

Vanquished Creatures
  Pikel (D:5)
  Grinder (D:5)
  A wraith (D:6)
  An orc warrior (D:6)
  A slave (D:5)
  4 ogres
  3 centaurs
  A giant frog (D:7)
  A scorpion (D:4)
  3 crimson imps
  A quasit (D:5)
  An iguana (D:4)
  2 jellies
  Crazy Yiuf (D:6)
  4 orc priests
  2 giant frog skeletons
  4 orc wizards
  3 worker ants
  A hound skeleton (D:6)
  A worker ant zombie (D:6)
  4 adders
  2 shadow imps (D:7)
  2 oozes (D:4)
  A worm (D:3)
  15 orcs
  7 bats
  7 giant cockroaches
  5 goblins
  8 hobgoblins
  2 jackals (D:3)
  5 quokkas
  3 ball pythons
  5 giant geckos
  A giant gecko skeleton (D:5)
  4 giant newts
  A jackal skeleton (D:6)
  5 kobolds
  2 rats (D:2)
116 creatures vanquished.

Notes
Turn   | Place    | Note
--------------------------------------------------------------
     0 | D:1      | graki42 the Octopode Berserker began the quest for the Orb.
     0 | D:1      | Reached XP level 1. HP: 16/16 MP: 1/1
    91 | D:1      | Found a shimmering altar of Xom.
   273 | D:1      | Reached XP level 2. HP: 17/21 MP: 2/2
  1081 | D:2      | Reached XP level 3. HP: 16/26 MP: 3/3
  1440 | D:2      | Acquired Trog's second power
  1750 | D:3      | Reached skill level 1 in Stealth
  1750 | D:3      | Reached XP level 4. HP: 33/33 MP: 4/4
  1947 | D:3      | Reached skill level 4 in Fighting
  1947 | D:3      | Reached XP level 5. HP: 37/37 MP: 5/5
  2125 | D:3      | Found a shadowy altar of Dithmenos.
  2353 | D:4      | Found a glowing golden altar of the Shining One.
  2359 | D:4      | Noticed a centaur
  2365 | D:4      | Killed a centaur
  2368 | D:4      | Reached XP level 6. HP: 43/43 MP: 6/6
  2910 | D:4      | Reached skill level 5 in Stealth
  3065 | D:5      | Entered Level 5 of the Dungeon
  3100 | D:5      | Reached XP level 7. HP: 36/49 MP: 7/7
  3109 | D:5      | Reached skill level 6 in Stealth
  3296 | D:5      | Noticed Grinder
  3314 | D:5      | Killed Grinder
  3314 | D:5      | Reached skill level 7 in Stealth
  3369 | D:5      | Reached skill level 5 in Dodging
  3369 | D:5      | Reached XP level 8. HP: 33/54 MP: 8/8
  3446 | D:5      | Reached skill level 5 in Fighting
  3446 | D:5      | Reached skill level 8 in Stealth
  3695 | D:5      | Noticed Pikel
  3712 | D:5      | Killed Pikel
  3712 | D:5      | Reached skill level 5 in Short Blades
  3712 | D:5      | Reached skill level 9 in Stealth
  3847 | D:5      | Received a gift from Trog
  3993 | D:5      | Reached XP level 9. HP: 32/61 MP: 9/9
  4133 | D:6      | Reached skill level 10 in Stealth
  4403 | D:6      | Found a staircase to the Ecumenical Temple.
  4840 | D:6      | Noticed Crazy Yiuf
  4846 | D:6      | Killed Crazy Yiuf
  5072 | D:7      | Found a burning altar of Makhleb.
  5103 | D:7      | Found a sacrificial altar of Ru.
  5103 | D:7      | Found a shimmering altar of Xom.
  5114 | D:7      | Found a sparkling altar of Nemelex Xobeh.
  5260 | D:7      | Found a white marble altar of Elyvilon.
  5505 | D:6      | HP: 1/93 [hippogriff (8)]
  5505 | D:6      | Mangled by a hippogriff

Vault maps used:
D:1:      lemuel_arrival_cross, xom_teletrap_fun
D:2:      first_bread
D:3:      roderic_roman_lattice, minmay_misc_feat_plants, st_stairs_3,
          kennysheep_path_1, lemuel_tele_altar
D:4:      lemuel_doored_altar
D:5:      uniq_grinder, uniq_pikel
D:6:      minmay_klotski, minmay_temple_entry_junction, uniq_crazy_yiuf_cottage
D:7:      minmay_overflow_temple_star_hex

Action                   |  1- 3 |  4- 6 |  7- 9 || total
-------------------------+-------+-------+-------++-------
Melee: Short sword       |    68 |    74 |       ||   142
       Dagger            |       |     4 |   150 ||   154
Invok: Berserk           |       |     2 |     4 ||     6
       Trog's Hand       |       |       |     3 ||     3
  Use: Scroll            |       |    11 |     1 ||    12
       Potion            |       |       |     2 ||     2
 Stab: Sleeping          |     9 |    11 |    13 ||    33
  Eat: Chunk             |     2 |     6 |     8 ||    16
       Fruit             |       |     1 |     3 ||     4
